 Dungeon Crawl Stone Soup version 0.29-a0-542-g075992c915 (webtiles) character file.

Game seed: 2017924003051530821

398 oldriver the Skirmisher (level 6, -7/58 HPs)
             Began as a Palentonga Delver on June 4, 2022.
             Mangled by an ogre
             ... wielding a +0 giant club
              (21 damage)
             ... on level 4 of the Dungeon.
             The game lasted 00:04:54 (4075 turns).

oldriver the Skirmisher (Palentonga Delver)         Turns: 4075, Time: 00:04:55

Health: -7/58      AC:  5    Str: 18    XL:     6   Next: 53%
Magic:  6/6        EV:  9    Int: 10    God:
Gold:   113        SH:  5    Dex: 11    Spells: 5/5 levels left

rFire   + . .      SeeInvis +   a - +0 hand axe
rCold   . . .      Faith    .   (no shield)
rNeg    . . .      Spirit   .   k - +0 leather armour
rPois   .          Reflect  +   i - +0 helmet
rElec   .          Harm     .   (no cloak)
rCorr   .          Rampage  .   (no gloves)
Will    .....                   (no barding)
Stlth   ++........              f - amulet of reflection
HPRegen 0.19/turn               r - ring of protection from fire
MPRegen 0.10/turn               (no ring)

@: no status effects
A: large, rugged brown scales 3, see invisible, deformed body, roll 1, armoured
tail
a: Rolling Charge


You were on level 4 of the Dungeon.
You visited 1 branch of the dungeon, and saw 5 of its levels.

You collected 113 gold pieces.

Inventory:

Hand Weapons
 a - a +0 hand axe (weapon)
 b - a +0 hunting sling
Armour
 i - a +0 helmet (worn)
 k - a +0 leather armour (worn)
Jewellery
 f - an amulet of reflection (around neck)
 r - a ring of protection from fire (left hand)
Wands
 g - a wand of digging (3)
 p - a wand of iceblast (6)
Scrolls
 c - a scroll of fog
 d - a scroll of blinking
 n - a scroll of enchant armour {unknown}
 s - a scroll of teleportation {unknown}
 t - a scroll of enchant weapon {unknown}
Potions
 e - 3 potions of ambrosia {unknown}
 h - 2 potions of brilliance
 j - 3 potions of curing
 l - a potion of heal wounds {unknown}
 m - 2 potions of lignification {unknown}
 o - a potion of berserk rage {unknown}
 q - a potion of mutation {unknown}


   Skills:
 + Level 7.5 Fighting
 - Level 2.0 Axes
 - Level 1.5 Dodging
 - Level 3.3 Stealth


You had 5 spell levels left.
You didn't know any spells.
Your spell library contained the following spells:

 Spells                   Type           Power      Damage    Failure   Level
 Magic Dart               Conj           0%         1d3       41%         1
 Call Imp                 Summ           0%         N/A       56%         2
 Mephitic Cloud           Conj/Pois/Air  0%         N/A       80%         3
 Ozocubu's Armour         Ice            0%         N/A       80%         3
 Metabolic Englaciation   Hex/Ice        0%         N/A       100%        5
 Summon Forest            Summ/Tloc      0%         N/A       100%        5
 Summon Mana Viper        Hex/Summ       0%         N/A       100%        5
 Simulacrum               Ice/Necr       0%         N/A       100%        6
 Summon Cactus Giant      Summ           0%         N/A       100%        6


Dungeon Overview and Level Annotations

Branches:
Dungeon (5/15)             Temple (0/1) D:4

Altars:


Innate Abilities, Weirdness & Mutations

You are completely covered in rugged brown scales. (AC +3, +7% HP)
You have supernaturally acute eyesight. (SInv)
Armour fits poorly on your strangely shaped body.
You can roll at nearby foes to attack.
You have a long armoured tail.


Message History

The scorpion barely misses you. x2
You hit the scorpion. You tail-slap the scorpion.
You kill the scorpion!
You feel sick.
You feel sick.
t - a scroll labelled UGGEUW VEICZAI You see here a scorpion corpse.
You feel sick.
You feel sick.
You feel sick.
You start resting.
You feel sick.
You are no longer poisoned.
You start resting.
You start resting.
HP restored.
You see here a scorpion corpse.
Found a stone staircase leading down.
Found a ring mail.
An ogre is nearby!
An ogre is nearby!
An ogre is nearby!
b - a +0 hunting sling (weapon)
You shoot a sling bullet. The sling bullet hits the ogre.
The ogre is lightly wounded.
No target in view!
You shoot a sling bullet.
The sling bullet barely misses the ogre.
You shoot a sling bullet. The sling bullet hits the ogre.
The ogre is moderately wounded.
a - a +0 hand axe (weapon)
The ogre hits you with a +0 giant club!!
You barely miss the ogre. You tail-slap the ogre.
The ogre is heavily wounded.
The ogre hits you with a +0 giant club!!
* * * LOW HITPOINT WARNING * * *
You completely miss the ogre.
The ogre is moderately wounded.
You barely miss the ogre.
Your tail-slap misses the ogre.
The ogre is moderately wounded.
The ogre hits you with a +0 giant club!!
You die...

##...*,**,***,,,,,,,,,,*,<,,,,,,,
.....,,**,,,,..,,,......,,,,,**,,
.....,,**,,**#.**#.....#,,,,,,,,*
##...*,**,,,,..* #.....#..#,,**,*
##...#,**,,**#.* #.....#..##,,,,,
.......,,,,* #.* #..........,,*,*
##......*,,* #.* #...#....#*,,*,,
........#..###.###...#....#...,.#
..........[.....@............##..
........#..#...O................#
.....#..#.,#.#.##.........##.#..,
........................>.##.#.##
....##..#.................##.....
..........................#....#,
#........................##...#*,
..................#......##...#*,
.........................##...#**


You could see an ogre.

Vanquished Creatures
  Sigmund (D:3)
  A scorpion (D:4)
  A hound (D:5)
  An orc priest (D:2)
  An orc wizard (D:2)
  Robin (D:3)
  An adder (D:2)
  2 worms
  4 orcs
  6 bats
  2 endoplasms
  3 giant cockroaches
  10 goblins
  8 hobgoblins
  7 jackals
  2 quokkas
  11 ball pythons
  2 frilled lizards
  3 kobolds
  9 rats
76 creatures vanquished.

Vanquished Creatures (others)
  22 plants
22 creatures vanquished.

Grand Total: 98 creatures vanquished

Notes
Turn   | Place    | Note
-------+----------+-------------------------------------------
     0 | D:5      | oldriver the Palentonga Delver began the quest for the Orb.
     0 | D:5      | Reached XP level 1. HP: 19/19 MP: 1/1
    10 | D:5      | Noticed a hound
    13 | D:5      | Noticed a phantom
    18 | D:5      | Killed a hound
    19 | D:5      | Reached skill level 4 in Fighting
    19 | D:5      | Reached XP level 2. HP: 13/26 MP: 2/2
    19 | D:5      | Reached XP level 3. HP: 17/32 MP: 3/3
    68 | D:5      | Noticed a scorpion
    73 | D:5      | HP: 1/32 [scorpion (2)]
   512 | D:4      | Noticed an ogre
  1335 | D:1      | Found a faded altar of an unknown god.
  1595 | D:2      | Reached XP level 4. HP: 38/40 MP: 4/4
  1629 | D:2      | Reached skill level 5 in Fighting
  1888 | D:2      | Reached XP level 5. HP: 17/49 MP: 5/5
  2917 | D:3      | Reached skill level 6 in Fighting
  2927 | D:3      | Noticed Robin
  2936 | D:3      | Killed Robin
  3170 | D:3      | Noticed Sigmund
  3183 | D:3      | Killed Sigmund
  3184 | D:3      | Reached skill level 7 in Fighting
  3184 | D:3      | Reached XP level 6. HP: 36/58 MP: 6/6
  4075 | D:4      | Mangled by an ogre

Illustrated notes

Levels and vault maps discovered:
D:1:      minmay_arrival_arboretum_small, layout_loops_ring,
          dilly_ecumenical_altar_fadedgnrine, lemuel_old_faithful
D:2:      layout_loops_cross, serial_bayou_pond_c
D:3:      layout_loops_ring, fountainhead, uniq_sigmund, uniq_robin
D:4:      layout_basic, minmay_temple_entry_ruins, minmay_misc_feat_rugged
D:5:      layout_cave_pools, bh_walls_and_bars

Skill      XL: |  1  2  3  4  5 |
---------------+----------------+-----
Fighting       | 4 5 7 |  7.5
Axes           | |  2.0
Dodging        | |  1.5
Stealth        | |  3.3

Action                   |  1- 3 |  4- 6 || total
-------------------------+-------+-------++-------
Melee: Hand axe          |    99 |   127 ||   226
       Tailslap          |     9 |    18 ||    27
       Punch             |     1 |       ||     1
 Fire: Hunting sling     |       |     8 ||     8
 Abil: Rolling Charge    |    13 |    16 ||    29
  Use: Scroll            |     2 |     6 ||     8
       Potion            |     1 |       ||     1
 Stab: Sleeping          |     2 |       ||     2
Armor: Leather armour    |    47 |    52 ||    99
Dodge: Dodged            |    57 |    46 ||   103
Block: Other             |    27 |    35 ||    62
       Reflection        |       |     1 ||     1

Table legend: (Time is in decaauts)
 A = Elapsed time spent in this place.
 B = Non-inter-level travel time spent in this place.
 C = Inter-level travel time spent in this place.
 D = Time resting spent in this place.
 E = Time spent auto-exploring this place.
 F = Levels seen in this place.
 G = Mean time per level.
                   A        B        C        D        E       F      G
               +--------+--------+--------+--------+--------+-----+--------+
         Total |   4107 |   3977 |    130 |    935 |   2264 |   5 |  821.4 |
       Dungeon |   4107 |   3977 |    130 |    935 |   2264 |   5 |  821.4 |
               +--------+--------+--------+--------+--------+-----+--------+

Top non-repeatable levels by time:
     D:2: 1408 daAuts
     D:3: 931 daAuts
     D:4: 867 daAuts
     D:1: 833 daAuts
     D:5: 65 daAuts
